 Dungeon Crawl Stone Soup version 0.30.1-11-g7821555f0a (webtiles) character file.

Game seed: 742275738461526219

1032 Unglued128 the Grasshopper (level 8, -8/64 HPs)
             Began as a Gnoll Warper on Nov 11, 2023.
             Mangled by an ogre
             ... wielding a +0 giant spiked club
              (16 damage)
             ... on level 5 of the Dungeon.
             The game lasted 00:38:04 (5451 turns).

Unglued128 the Grasshopper (Gnoll Warper)           Turns: 5451, Time: 00:38:04

Health: -8/64      AC:  9    Str:  9    XL:     8   Next: 23%
Magic:  17/17      EV: 11    Int: 25    God:
Gold:   339        SH:  0    Dex: 11    Spells: 17/19 levels left

rFire   + . .        a - staff of fire
rCold   + . .        (no shield)
rNeg    . . .        i - +0 ring mail {rC+}
rPois   .            (helmet restricted)
rElec   .            (no cloak)
rCorr   .            q - +0 pair of gloves
SInv    .            (no boots)
Will    .....        n - amulet of regeneration
Stlth   +            f - +6 ring of intelligence
HPRegen 1.10/turn    (no ring)
MPRegen 0.15/turn

%: clarity
@: no status effects
A: fangs 1, strong nose, distributed training, horns 1, iridescent scales 1,
clarity, clever 1
a: no special abilities


You were on level 5 of the Dungeon.
You visited 1 branch of the dungeon, and saw 5 of its levels.

You collected 339 gold pieces.

Inventory:

Hand Weapons
 s - a +0 short sword of electrocution
Missiles
 d - 7 boomerangs of dispersal (quivered)
 e - 5 datura-tipped darts
 l - 2 poisoned darts
 p - a throwing net
 r - 2 atropa-tipped darts
 z - a boomerang
Armour
 i - a +0 ring mail of cold resistance (worn)
 q - a +0 pair of gloves (worn)
Magical Staves
 a - a staff of fire (weapon)
Jewellery
 f - a +6 ring of intelligence (left hand)
 n - an amulet of regeneration (around neck)
Wands
 u - a wand of light (6)
 v - a wand of flame (14)
Scrolls
 c - 2 scrolls of blinking
 g - a scroll of magic mapping
 o - a scroll of amnesia {unknown}
Potions
 b - a potion of ambrosia {unknown}
 h - 2 potions of cancellation
 j - a potion of berserk rage
 k - a potion of attraction
 m - 3 potions of brilliance
 t - a potion of heal wounds {unknown}
 x - a potion of mutation


   Skills:
 + Level 5.6 Fighting
 + Level 3.2 Short Blades
 + Level 3.2 Long Blades
 + Level 3.2 Axes
 + Level 5.6 Maces & Flails
 + Level 3.2 Polearms
 + Level 3.2 Staves
 + Level 3.2 Ranged Weapons
 + Level 4.1 Throwing
 + Level 4.1 Armour
 + Level 5.6 Dodging
 + Level 3.2 Stealth
 + Level 3.2 Shields
 + Level 3.2 Unarmed Combat
 + Level 6.0 Spellcasting
 + Level 2.6 Conjurations
 + Level 2.6 Hexes
 + Level 2.6 Summonings
 + Level 2.6 Necromancy
 + Level 6.1 Translocations
 + Level 2.6 Transmutations
 + Level 2.6 Fire Magic
 + Level 2.6 Ice Magic
 + Level 2.6 Air Magic
 + Level 2.6 Earth Magic
 + Level 2.6 Poison Magic
 + Level 3.5 Invocations
 + Level 3.2 Evocations


You had 17 spell levels left.
You knew the following spells:

 Your Spells              Type           Power      Damage    Failure   Level
a - Blink                 Tloc           76%        N/A       2%          2

Your spell library contained the following spells:

 Spells                   Type           Power      Damage    Failure   Level
 Lesser Beckoning         Tloc           76%        N/A       2%          2
 Teleport Other           Tloc           38%        N/A       4%          3
 Portal Projectile        Hex/Tloc       58%        N/A       10%         3
 Vhi's Electric Charge    Tloc/Air       58%        N/A       10%         3
 Manifold Assault         Tloc           38%        N/A       16%         4
 Tukima's Dance           Hex            20%        N/A       21%         3
 Blade Hands              Tmut           10%        N/A       88%         5


Dungeon Overview and Level Annotations

Branches:
Dungeon (5/15)
 Temple: D:4-7

Altars:
Zin


Innate Abilities, Weirdness & Mutations

You have very sharp teeth.
Your uncanny sense of smell can sniff out nearby items.
Your experience applies equally to all skills.
You have a pair of small horns on your head.
You are partially covered in iridescent scales. (AC +2)
You possess an exceptional clarity of mind.
Your mind is acute. (Int +4, Str/Dex -1)


Message History

The jelly is heavily wounded.
The jelly hits you but does no damage.
You hit the jelly.
Your hands burn!
You headbutt the jelly. You bite the jelly, but do no damage.
The jelly is severely wounded.
The jelly hits you.
You are splashed with acid!
You hit the jelly.
Your hands burn!
The jelly is severely wounded.
The ogre hits you with a +0 giant spiked club.
The jelly closely misses you.
You hit the jelly.
Your hands burn!
The jelly is almost dead.
The jelly hits you but does no damage.
You barely miss the jelly.
The jelly is almost dead.
The ogre barely misses you. The jelly barely misses you.
You hit the jelly.
Your hands burn!
You bite the jelly.
You kill the jelly!
The ogre hits you with a +0 giant spiked club!!
You hit the ogre.
You headbutt the ogre, but do no damage.
The ogre is lightly wounded.
You barely miss the ogre. You headbutt the ogre.
You bite the ogre, but do no damage.
The ogre is lightly wounded.
The ogre hits you with a +0 giant spiked club!
* * * LOW HITPOINT WARNING * * *
You hit the ogre but do no damage.
The ogre is lightly wounded.
The ogre hits you with a +0 giant spiked club!
* * * LOW HITPOINT WARNING * * *
You hit the ogre.
The ogre is lightly wounded.
You hit the ogre. You headbutt the ogre.
The ogre is heavily wounded.
The ogre closely misses you.
You completely miss the ogre. Your headbutt misses the ogre.
The ogre is heavily wounded.
The ogre hits you with a +0 giant spiked club!
You die...

.## #...^ ##..## ##
..##...##....## #
...#...#......# #
#..##.##..##..##
##..#.#..####..#
∆h#..#.#..#.(#..# #
#..#.#..#.##..#
#..#.#...#...#.#$.##
#.)..#...#...#..@.#
# ##...#...##O.##
#####....#....####
............###
.#...).......#
.#.........#.#
...##.######.#
.####.# #.#
.####.### #.#


You could see an ogre.

Vanquished Creatures
  An ogre (D:4)
  A black bear (D:2)
  A phantom (D:4)
  3 scorpions
  2 hounds
  2 jellies
  An iguana (D:4)
  An orc wizard (D:5)
  2 gnolls (D:5)
  8 adders
  An ufetubus (D:5)
  5 dart slugs
  6 orcs
  4 ball pythons
  10 bats
  7 endoplasms
  3 giant cockroaches
  5 goblins
  5 hobgoblins
  15 jackals
  4 kobolds
  A quokka (D:4)
  3 frilled lizards
  11 rats
102 creatures vanquished.

Vanquished Creatures (collateral kills)
  A gnoll sergeant (D:5)
  A scorpion (D:5)
  2 orc wizards (D:5)
  2 gnolls (D:5)
  2 dart slugs
  An orc (D:5)
  A hobgoblin (D:3)
10 creatures vanquished.

Vanquished Creatures (others)
  An ice beast (D:5)
  An orc (D:3)
  A ball python (D:2)
  A jackal (D:2)
  A rat (D:2)
5 creatures vanquished.

Grand Total: 117 creatures vanquished

Notes
Turn   | Place    | Note
-------+----------+-------------------------------------------
     0 | D:1      | Unglued128 the Gnoll Warper began the quest for the Orb.
     0 | D:1      | Reached XP level 1. HP: 20/20 MP: 6/6
   141 | D:1      | Reached XP level 2. HP: 26/26 MP: 7/7
   332 | D:1      | Learned a level 2 spell: Blink
   669 | D:1      | Reached skill level 5 in Spellcasting
   669 | D:1      | Reached XP level 3. HP: 31/31 MP: 7/9
   895 | D:2      | Reached skill level 1 in Invocations
  1125 | D:2      | Reached skill level 1 in Short Blades
  1125 | D:2      | Reached skill level 1 in Long Blades
  1125 | D:2      | Reached skill level 1 in Axes
  1125 | D:2      | Reached skill level 1 in Polearms
  1125 | D:2      | Reached skill level 1 in Staves
  1125 | D:2      | Reached skill level 1 in Ranged Weapons
  1125 | D:2      | Reached skill level 1 in Stealth
  1125 | D:2      | Reached skill level 1 in Shields
  1125 | D:2      | Reached skill level 1 in Unarmed Combat
  1125 | D:2      | Reached skill level 1 in Evocations
  1241 | D:2      | Reached XP level 4. HP: 23/38 MP: 11/11
  1500 | D:2      | Noticed a black bear
  1503 | D:2      | Reached skill level 1 in Conjurations
  1503 | D:2      | Reached skill level 1 in Hexes
  1503 | D:2      | Reached skill level 1 in Summonings
  1503 | D:2      | Reached skill level 1 in Necromancy
  1503 | D:2      | Reached skill level 1 in Transmutations
  1503 | D:2      | Reached skill level 1 in Fire Magic
  1503 | D:2      | Reached skill level 1 in Ice Magic
  1503 | D:2      | Reached skill level 1 in Air Magic
  1503 | D:2      | Reached skill level 1 in Earth Magic
  1503 | D:2      | Reached skill level 1 in Poison Magic
  1642 | D:2      | Killed a black bear
  1643 | D:2      | Reached XP level 5. HP: 20/43 MP: 10/12
  2842 | D:3      | Reached XP level 6. HP: 50/50 MP: 14/14
  2986 | D:3      | Reached skill level 5 in Fighting
  2986 | D:3      | Reached skill level 5 in Maces & Flails
  2986 | D:3      | Reached skill level 5 in Dodging
  3128 | D:4      | Found a glowing silver altar of Zin.
  3721 | D:4      | Gained mutation: You have a pair of small horns on your
                  | head. [potion of mutation]
  3721 | D:4      | Gained mutation: Your mind is acute. (Int +4, Str/Dex -1)
                  | [potion of mutation]
  3721 | D:4      | Gained mutation: You possess an exceptional clarity of
                  | mind. [potion of mutation]
  3721 | D:4      | Gained mutation: You are partially covered in iridescent
                  | scales. (AC +2) [potion of mutation]
  3748 | D:4      | Reached XP level 7. HP: 4/56 MP: 15/15
  3750 | D:4      | HP: 2/56 [poisoned by a scorpion]
  3756 | D:4      | HP: 1/56 [poisoned by a scorpion]
  4276 | D:5      | Entered Level 5 of the Dungeon
  5139 | D:5      | Reached XP level 8. HP: 37/58 MP: 16/16
  5451 | D:5      | Mangled by an ogre

Illustrated notes

Levels and vault maps discovered:
D:1:      dpeg_arrival_rhombus, layout_basic
D:2:      layout_loops_corners, minmay_liquid_box
D:3:      wad_crossroads, layout_basic, kennysheep_generic_room_16
D:4:      layout_basic, zin_academy
D:5:      layout_rooms, enter_ossuary_1, small_statue_alley_b,
          amcnicky_mini_corridor_feature, minmay_puff

Skill      XL: |  1  2  3  4  5  6  7  8 |
---------------+-------------------------+-----
Spellcasting   | 5 6 |  6.0
Invocations    | 1 2 3 |  3.5
Short Blades   | 1 2 3 |  3.2
Long Blades    | 1 2 3 |  3.2
Axes           | 1 2 3 |  3.2
Polearms       | 1 2 3 |  3.2
Staves         | 1 2 3 |  3.2
Ranged Weapons | 1 2 3 |  3.2
Stealth        | 1 2 3 |  3.2
Shields        | 1 2 3 |  3.2
Unarmed Combat | 1 2 3 |  3.2
Evocations     | 1 2 3 |  3.2
Conjurations   | 1 2 |  2.6
Hexes          | 1 2 |  2.6
Summonings     | 1 2 |  2.6
Necromancy     | 1 2 |  2.6
Transmutations | 1 2 |  2.6
Fire Magic     | 1 2 |  2.6
Ice Magic      | 1 2 |  2.6
Air Magic      | 1 2 |  2.6
Earth Magic    | 1 2 |  2.6
Poison Magic   | 1 2 |  2.6
Throwing       | 3 4 |  4.1
Armour         | 3 4 |  4.1
Fighting       | 5 |  5.6
Maces & Flails | 5 |  5.6
Dodging        | 5 |  5.6
Translocations | 6 |  6.1

Action                     |  1- 3 |  4- 6 |  7- 9 || total
---------------------------+-------+-------+-------++-------
  Melee: Mace              |   117 |    71 |       ||   188
         Bite              |     7 |    23 |    16 ||    46
         Punch             |     1 |     5 |    12 ||    18
         Short sword       |       |    72 |       ||    72
         Staff             |       |   152 |   191 ||   343
         Headbutt          |       |     5 |    40 ||    45
  Throw: Dart              |       |    18 |    11 ||    29
   Cast: Blink             |       |     4 |     3 ||     7
  Evoke: Wand              |       |       |     5 ||     5
    Use: Scroll            |     2 |     7 |     4 ||    13
         Potion            |       |     3 |     1 ||     4
   Stab: Sleeping          |       |     3 |       ||     3
         Invisible         |       |     1 |     1 ||     2
         Distracted        |       |       |     2 ||     2
 Armour: Leather armour    |     1 |       |       ||     1
         Ring mail         |    42 |   134 |    82 ||   258
  Dodge: Dodged            |    90 |   217 |   125 ||   432
